 Dungeon Crawl Stone Soup version 0.29-a0-555-g3b24f45cc1 (webtiles) character file.

Game seed: 15703506479913594918

79 frimble the Firebug (level 4, -2/38 HPs)
             Began as a Meteoran Cinder Acolyte on June 7, 2022.
             Was a High Priest of Ignis.
             Slain by an iguana (13 damage)
             ... on level 3 of the Dungeon.
             The game lasted 00:02:34 (630 turns).

frimble the Firebug (Meteoran Cinder Acolyte)        Turns: 630, Time: 00:02:35

Health: -2/38      AC:  4    Str: 15    XL:     4   Next: 94%
Magic:  1/10       EV: 11    Int: 17    God:    Ignis [*****.]
Gold:   38         SH:  0    Dex: 10    Spells: 7/9 levels left

rFire   + . .      SeeInvis .   a - -1 mace (flame)
rCold   . . .      Faith    .   (no shield)
rNeg    . . .      Spirit   .   b - +1 robe
rPois   .          Reflect  .   k - +0 helmet
rElec   .          Harm     .   (no cloak)
rCorr   .          Rampage  .   (no gloves)
Will    .....                   (no boots)
Stlth   +.........              (no amulet)
HPRegen 0.12/turn               (no ring)
MPRegen 0.12/turn               (no ring)

@: glowing
A: sense surroundings 1, otherworldly, glowing, explore regen
a: Renounce Religion, Fiery Armour, Foxfire Swarm, Rising Flame


You were on level 3 of the Dungeon.
You worshipped Ignis.
Ignis was extremely pleased with you.
You visited 1 branch of the dungeon, and saw 3 of its levels.

You collected 38 gold pieces.

Inventory:

Hand Weapons
 a - a -1 mace of flaming (weapon)
Armour
 b - a +1 robe (worn)
 g - a +0 tower shield
 k - a +0 helmet (worn)
Scrolls
 f - a scroll of fear
 h - 2 scrolls of enchant weapon {unknown}
 i - a scroll of magic mapping {unknown}
Potions
 c - 2 potions of curing
 d - a potion of brilliance
 e - a potion of mutation {unknown}
 j - a potion of attraction {unknown}


   Skills:
 - Level 3.4 Fighting
 - Level 4.1 Maces & Flails
 + Level 3.4 Spellcasting
 + Level 4.9 Fire Magic


You had 7 spell levels left.
You knew the following spells:

 Your Spells              Type           Power      Damage    Failure   Level
a - Scorch                Fire           38%        2d6       3%          2

Your spell library contained the following spells:

 Spells                   Type           Power      Damage    Failure   Level
 Animate Dead             Necr           2%         N/A       86%         4
 Borgnjor's Vile Clutch   Necr/Erth      1%         N/A       99%         5
 Death Channel            Necr           1%         N/A       100%        6


Dungeon Overview and Level Annotations

Branches:
Dungeon (3/15)

Altars:
Hepliaklqana


Innate Abilities, Weirdness & Mutations

You passively map a small area around you.
You are easily found by Zot.
You glow in the dark.
You regain HP and MP as you explore.


Message History

Unknown command.
You sock the goblin! You burn the goblin.
You kill the goblin!
The goblin barely misses you.
You barely miss the goblin. The goblin hits you with a +0 club.
You hit the goblin. You burn the goblin.
You kill the goblin!
The goblin shouts!
The dart slug launches a dart at you. The slug dart hits you.
Items here: )))) ††.
You hit the dart slug but do no damage.
An iguana comes into view.
The dart slug bites you.
You sock the dart slug! You burn the dart slug.
You kill the dart slug!
Your life force feels restored.
You see here a dart slug corpse.
Items here: )))) ††.
Things that are here:
a +4 falchion of draining; a +0 leather armour You hit the goblin.
You burn the goblin.
You kill the goblin!
Casting: Scorch (safe; 3% risk of failure)
Confirm with . or Enter, or press ? or * to list all spells.
Flames lash the iguana.
The iguana is heavily wounded.
The iguana's fire resistance burns away.
The iguana bites you!
* * * LOW HITPOINT WARNING * * *
Casting: Scorch (safe; 3% risk of failure)
Confirm with . or Enter, or press ? or * to list all spells.
You don't have enough magic to cast this spell.
You hit the iguana. You burn the iguana.
The iguana is almost dead.
The iguana barely misses you.
You barely miss the iguana.
The iguana is almost dead.
The iguana bites you!
You die...

#.#.........#.###. #. ,
#.†.......†..## ## #..
###..##...###.# #<
#...########......... ..#.#
.........#...............#
, ,
......l...†....#...>.....#
,.........#)#.....#.......#
#.g.#.####l#.#...........#
* #.. #.*
#@#.##..#.#######* ,# #
#.>.......# * * * ,
######.#### * *, * * , * *
, , , * ,


You could see an iguana (combustible).

Vanquished Creatures
  Jessica (D:2)
  Robin (D:3)
  A worm (D:2)
  2 dart slugs
  2 endoplasms
  A giant cockroach (D:1)
  2 hobgoblins
  3 kobolds (D:1)
  A quokka (D:1)
  4 ball pythons
  3 bats
  A frilled lizard (D:1)
  10 goblins
  4 rats
36 creatures vanquished.

Notes
Turn   | Place    | Note
-------+----------+-------------------------------------------
     0 | D:1      | frimble the Meteoran Cinder Acolyte began the quest for the
                  | Orb.
     0 | D:1      | Reached XP level 1. HP: 19/19 MP: 3/3
    75 | D:1      | Reached XP level 2. HP: 26/26 MP: 5/5
    78 | D:1      | Learned a level 2 spell: Scorch
   151 | D:1      | Found a faded altar of an unknown god.
   310 | D:2      | Reached XP level 3. HP: 27/31 MP: 1/7
   403 | D:2      | Found a hazy altar of Hepliaklqana.
   464 | D:2      | Noticed Jessica
   467 | D:2      | Killed Jessica
   468 | D:2      | Reached XP level 4. HP: 38/38 MP: 3/9
   496 | D:3      | Noticed Robin
   598 | D:3      | Killed Robin
   630 | D:3      | Slain by an iguana

Illustrated notes

Levels and vault maps discovered:
D:1:      psy_arrival_basics, layout_basic,
          shapermc_ecumenical_altar_notcrosses, minmay_hexomino_f4
D:2:      layout_basic, basic_altar, minmay_box_of_dots, uniq_jessica,
          uniq_sigmund
D:3:      layout_loops_cross, lightli_corner_chamber, uniq_grinder, uniq_robin

Skill      XL: |  1  2  3 |
---------------+----------+-----
Spellcasting   | 2 3 |  3.4
Fire Magic     | 4 |  4.9
Fighting       | |  3.4
Maces & Flails | |  4.1

Action                   |  1- 3 |  4- 6 || total
-------------------------+-------+-------++-------
Melee: Mace              |    56 |    29 ||    85
 Cast: Scorch            |     8 |    11 ||    19
  Use: Scroll            |     4 |       ||     4
Armor: Robe              |    19 |    15 ||    34
Dodge: Dodged            |    38 |    17 ||    55

Table legend: (Time is in decaauts)
 A = Elapsed time spent in this place.
 B = Non-inter-level travel time spent in this place.
 C = Inter-level travel time spent in this place.
 D = Time resting spent in this place.
 E = Time spent auto-exploring this place.
 F = Levels seen in this place.
 G = Mean time per level.
                   A        B        C        D        E       F      G
               +--------+--------+--------+--------+--------+-----+--------+
         Total |    647 |    552 |     95 |      0 |    278 |   3 |  215.7 |
       Dungeon |    647 |    552 |     95 |      0 |    278 |   3 |  215.7 |
               +--------+--------+--------+--------+--------+-----+--------+

Top non-repeatable levels by time:
     D:1: 335 daAuts
     D:2: 210 daAuts
     D:3: 101 daAuts
